 Dungeon Crawl Stone Soup version 0.28.0-53-g5a82cb258f (console) character file.

Game seed: 10215884953967233044

85 erker the Sneak (level 4, -2/27 HPs)
             Began as an Octopode Earth Elementalist on July 23, 2022.
             Killed by divine providence
             ... invoked by an orc priest
              (11 damage)
             ... on level 3 of the Dungeon.
             The game lasted 00:04:23 (2963 turns).

erker the Sneak (Octopode Earth Elementalist)       Turns: 2963, Time: 00:04:24

Health: -2/27      AC:  1    Str:  7    XL:     4   Next: 48%
Magic:  5/7        EV: 13    Int: 19    God:
Gold:   149        SH:  0    Dex: 12    Spells: 0/7 levels left

rFire   . . .      SeeInvis .   a - +0 dagger
rCold   . . .      Faith    .   (no shield)
rNeg    . . .      Spirit   .   (helmet restricted)
rPois   .          Reflect  .   (no amulet)
rElec   .          Harm     .   (no ring)
rCorr   .          Rampage  .   (no ring)
Will    .....                   (no ring)
Stlth   +++.......              (no ring)
HPRegen 0.09/turn               (no ring)
MPRegen 0.10/turn               (no ring)
                                (no ring)
                                (no ring)

@: lethally poisoned (-2 -> -7), very slightly contaminated
A: almost no armour, amphibious, 8 rings, camouflage 1, gelatinous body 1,
(nimble swimmer 1), tentacles
a: no special abilities


You were on level 3 of the Dungeon.
You visited 1 branch of the dungeon, and saw 3 of its levels.

You collected 149 gold pieces.

Inventory:

Hand Weapons
 a - a +0 dagger (weapon)
Missiles
 b - 96 stones
Magical Staves
 l - a staff of conjuration
Jewellery
 k - a ring of flight
Wands
 p - a wand of flame (27)
Scrolls
 c - a scroll of enchant armour {unknown}
 d - 2 scrolls of teleportation {unknown}
 e - 2 scrolls of fog {unknown}
 h - a scroll of holy word {unknown}
 m - a scroll of enchant weapon {unknown}
 o - a scroll of noise {unknown}
Potions
 f - a potion of degeneration {unknown}
 g - a potion of brilliance {unknown}
 i - a potion of heal wounds {unknown}
 j - a potion of might {unknown}
 n - a potion of attraction {unknown}


   Skills:
 - Level 2.0 Dodging
 - Level 4.0 Stealth
 - Level 2.0 Spellcasting
 + Level 2.5 Transmutations
 - Level 4.0 Earth Magic


You couldn't memorise any spells.
You knew the following spells:

 Your Spells              Type           Power      Damage    Failure   Level
a - Sandblast             Erth           34%        2d9       3%          1
p - Petrify               Tmut/Erth      14%        N/A       41%         4
w - Passwall              Tmut/Erth      11%        N/A       7%          2

Your spell library contained the following spells:

 Spells                   Type           Power      Damage    Failure   Level
 Stone Arrow              Conj/Erth      18%        3d8       22%         3
 Frozen Ramparts          Ice            2%         1d2       45%         3
 Ice Form                 Ice/Tmut       6%         N/A       69%         4
 Summon Ice Beast         Ice/Summ       1%         N/A       86%         4


Dungeon Overview and Level Annotations

Branches:
Dungeon (3/15)

Altars:

Shops:
D:2 (

Annotations:
D:2 Sigmund


Innate Abilities, Weirdness & Mutations

You cannot wear most types of armour.
You are amphibious.
You can wear up to eight rings at the same time.
Your skin changes colour to match your surroundings (Stealth+).
Your rubbery body absorbs attacks. (AC +1, EV +1)
((You are camouflaged when in or above water. (Stealth+)))
You have tentacles for arms and can constrict up to eight enemies at once.


Message History

You tentacle-slap the hobgoblin, but do no damage.
You squeeze the hobgoblin.
You kill the hobgoblin!
No target in view!
An orc comes into view. It is wielding a +0 hand axe.
An adder comes into view.
You see here a +0 club.
Casting: Passwall (safe; 7% risk of failure)
Confirm with . or Enter, or press ? or * to list all spells.
Aiming: Sandblast (safe; 3% risk of failure)
Press: ? - help, Shift-Dir - straight line, f - orc
Aim: an orc, wielding a +0 hand axe and wearing a +0 leather armour (79% to hit)
The blast of sand hits the orc!
You kill the orc!
Casting: Sandblast (safe; 3% risk of failure)
Confirm with . or Enter, or press ? or * to list all spells.
Aiming: Sandblast (safe; 3% risk of failure)
Press: ? - help, Shift-Dir - straight line, f - adder
Aim: an adder (66% to hit)
You miscast Sandblast.
You are very lightly contaminated with residual magic.
Nothing appears to happen.
The adder barely misses you.
You closely miss the adder. Your grab misses the adder. The adder bites you.
You miss the adder. Your grab misses the adder. The adder bites you.
You barely miss the adder. Your grab misses the adder. You squeeze the adder.
The adder is moderately wounded.
The adder closely misses you.
An orc priest comes into view. It is wielding a +0 hand axe.
The adder bites you.
You are poisoned.
The adder poisons you!
The orc priest shouts!
You hit the adder. You grab the adder.
The adder is moderately wounded.
You constrict the adder.
You feel sick.
You hear a shout!
The adder bites you.
The orc priest calls down the wrath of Beogh upon you.
Beogh smites you!
You die...

#.# ##.# #..# #.##
# #.# .# #.# ..
#.########## .#.#
#..........##....##
##########.@S......
####o.#.## .# #


You could see an orc priest and an adder.

Vanquished Creatures
  4 adders
  3 dart slugs
  An orc (D:3)
  4 endoplasms
  3 giant cockroaches
  2 goblins
  4 hobgoblins
  2 quokkas (D:1)
  5 ball pythons
  3 bats
  2 frilled lizards
  5 kobolds
  7 rats
45 creatures vanquished.

Notes
Turn   | Place    | Note
-------+----------+-------------------------------------------
     0 | D:1      | erker the Octopode Earth Elementalist began the quest for
                  | the Orb.
     0 | D:1      | Reached XP level 1. HP: 11/11 MP: 3/3
   684 | D:1      | Reached XP level 2. HP: 17/17 MP: 0/5
   687 | D:1      | Learned a level 2 spell: Passwall
  1469 | D:2      | Noticed Sigmund
  1615 | D:2      | Reached XP level 3. HP: 14/21 MP: 2/6
  1981 | D:2      | Found a faded altar of an unknown god.
  2072 | D:2      | Reached XP level 4. HP: 27/27 MP: 7/7
  2077 | D:2      | Learned a level 4 spell: Petrify
  2099 | D:2      | Found Doryixa's Weapon Emporium.
  2963 | D:3      | Killed from afar by an orc priest

Illustrated notes

Levels and vault maps discovered:
D:1:      beargit_arrival_greenhouse, layout_loops_ring, minmay_misc_feat_iff
D:2:      layout_basic, nicolae_ecumenical_snake_handling, serial_shops,
          nicolae_shop_bloodbath_and_beyond, uniq_sigmund
D:3:      layout_loops_ring

Skill      XL: |  1  2  3  4 |
---------------+-------------+-----
Stealth        | 3 4 |  4.0
Earth Magic    | 4 |  4.0
Transmutations | 2 |  2.5
Dodging        | |  2.0
Spellcasting   | |  2.0

Action                   |  1- 3 |  4- 6 || total
-------------------------+-------+-------++-------
Melee: Dagger            |    43 |    30 ||    73
       Constrict         |    11 |     7 ||    18
       Tentacles         |     6 |     6 ||    12
       Punch             |       |     1 ||     1
 Cast: Sandblast         |    18 |     1 ||    19
       Passwall          |       |     1 ||     1
 Stab: Sleeping          |    11 |     4 ||    15
Armor: Skin              |     1 |     2 ||     3
Dodge: Dodged            |    28 |    10 ||    38
